 Dungeon Crawl Stone Soup version 0.26-a0-664-gc8b27b8fc1 (webtiles) character file.

Game seed: 14013875477029571840

96 PentaManta the Ducker (level 4, -1/23 HPs)
             Began as a Spriggan Abyssal Knight on Oct 12, 2020.
             Was a Believer of Lugonu.
             Slain by a sky beast (6 damage)
             ... on level 3 of the Dungeon.
             The game lasted 00:03:56 (3707 turns).

PentaManta the Ducker (Spriggan Abyssal Knight)     Turns: 3707, Time: 00:03:56

Health: -1/23      AC:  2    Str:  8    XL:     4   Next: 41%
Magic:  6/6        EV: 21    Int: 13    God:    Lugonu [**....]
Gold:   57         SH: 10    Dex: 16    Spells: 3/3 levels left

rFire    . . .     SeeInvis +   a - +1 short sword
rCold    . . .     Faith    .   g - +0 buckler
rNeg     . . .     Spirit   .   b - +0 robe
rPois    .         Reflect  +   (helmet restricted)
rElec    .         Harm     .   (no cloak)
rCorr    .         Rampage  .   (gloves unavailable)
MR       .....     Clarity  +   (boots unavailable)
Stlth    ++........             f - amulet of reflection
HPRegen  0.07/turn              (no ring)
MPRegen  0.10/turn              (no ring)

@: very quick
A: very small, unfitting armour, repulsion field 1, see invisible, clarity,
speed 3
a: Depart the Abyss, Bend Space, Renounce Religion


You were on level 3 of the Dungeon.
You worshipped Lugonu.
Lugonu was pleased with you.
You visited 1 branch of the dungeon, and saw 4 of its levels.
You visited the Abyss 1 time.

You collected 57 gold pieces.

Inventory:

Hand Weapons
 a - a +1 short sword (weapon)
 j - a +0 dagger
Missiles
 c - 16 stones (quivered)
 q - 7 poisoned darts
Armour
 b - a +0 robe (worn)
 g - a +0 buckler (worn)
Jewellery
 f - an amulet of reflection (around neck)
 l - an uncursed ring of magical power {unknown}
Scrolls
 e - 2 scrolls of immolation {unknown}
 h - a scroll of noise {unknown}
 i - 2 scrolls of identify {unknown}
 k - 2 scrolls of remove curse {unknown}
 m - a scroll of amnesia {unknown}
 n - a scroll of random uselessness {unknown}


   Skills:
 - Level 2.4 Fighting
 + Level 3.0 Short Blades
 + Level 4.5 Dodging
 + Level 2.7 Stealth
 + Level 1.0 Shields
 + Level 2.5 Invocations


You had 3 spell levels left.
You didn't know any spells.
Your spell library was empty.

Dungeon Overview and Level Annotations

Branches:
Dungeon (4/15)
 Temple: D:4-7

Altars:
Hepliaklqana
Makhleb
Sif Muna


Innate Abilities, Weirdness & Mutations

You are very small and have problems with some larger weapons.
You are too small for most types of armour.
You have supernaturally acute eyesight. (SInv)
You cover ground extremely quickly.
You are surrounded by a mild repulsion field. (EV +2)
You possess an exceptional clarity of mind.


Message History

You hit the sky beast.
The sky beast is heavily wounded.
The sky beast closely misses you. The sky beast hits you.
The sky beast shocks you.
You hit the sky beast but do no damage.
The sky beast is heavily wounded.
You hit the sky beast but do no damage.
The sky beast is heavily wounded.
The sky beast hits you. The sky beast shocks you.
* * * LOW HITPOINT WARNING * * *
You hit the sky beast.
The sky beast is severely wounded.
The sky beast misses you.
You hit the sky beast but do no damage.
The sky beast is heavily wounded.
You block the sky beast's attack. The sky beast hits you.
* * * LOW HITPOINT WARNING * * *
The sky beast shocks you.
You die...

#...#######.##..###.# #.# #
#.#...........#.# #.# #.# #
#...#######.##..###.# #.# # ####
##.## #.........# #.# # ...# #.#
####...#### #.### #..# #.####
##.....## #.... ...# #..#.##
##.......## #....
...######....####Y........###....
)...)...........@.........'...$..
...######....####.........###....
>..# #.#.## ##...)...## #.#..
..## #.### ##.....## #.##. ..#
##.## ##...## #.##. ### #...#
##'## #.... ##.## #.# ####. #.#
#.# #. #.# ##.## #.


You could see a sky beast (invisible).

Vanquished Creatures
  A worker ant (D:3)
  3 adders
  A leopard gecko (D:1)
  An orc (D:3)
  6 goblins
  7 hobgoblins
  3 jackals (D:2)
  4 kobolds
  7 bats
  3 frilled lizards
  8 rats
44 creatures vanquished.

Notes
Turn   | Place    | Note
-------+----------+-------------------------------------------
     0 | Abyss:1  | PentaManta the Spriggan Abyssal Knight began the quest for
                  | the Orb.
     0 | Abyss:1  | Reached XP level 1. HP: 11/11 MP: 3/3
    41 | Abyss:1  | Noticed a large abomination
    45 | D:1      | Escaped the Abyss
   287 | D:1      | Reached skill level 1 in Stealth
   534 | D:1      | Reached XP level 2. HP: 16/16 MP: 4/4
  1141 | D:2      | Reached ** piety under Lugonu
  1141 | D:2      | Reached skill level 4 in Dodging
  1151 | D:2      | Found a hazy altar of Hepliaklqana.
  1179 | D:2      | Reached XP level 3. HP: 13/19 MP: 5/5
  1989 | D:2      | Found a shimmering blue altar of Sif Muna.
  2085 | D:3      | Reached XP level 4. HP: 14/23 MP: 6/6
  2666 | D:3      | Reached skill level 1 in Shields
  2700 | D:3      | Found a burning altar of Makhleb.
  2818 | D:3      | Noticed a sky beast
  2883 | D:3      | Gained mutation: You are surrounded by a mild repulsion
                  | field. (EV +2) [potion of mutation]
  2883 | D:3      | Gained mutation: You possess an exceptional clarity of
                  | mind. [potion of mutation]
  3707 | D:3      | Slain by a sky beast

Illustrated notes

Levels and vault maps discovered:
D:1:      lightli_arrival_lavapool, layout_basic, st_stairs_7
D:2:      layout_loops_ring, lemuel_blue_sif_altar, lemuel_crystal_altar
D:3:      layout_loops_corners, nicolae_overflow_hidden_temple
D:4:      layout_rooms, nemelex_altar_shiori, kennysheep_mini, elyvilon_altar_3,
          old_standard_altar, minmay_temple_entry_glass

Skill      XL: |  1  2  3  4 |
---------------+-------------+-----
Stealth        | 1 2 |  2.7
Invocations    | 2 |  2.5
Dodging        | 4 |  4.5
Short Blades   | 3 |  3.0
Shields        | 1 |  1.0
Fighting       | |  2.4

Action                   |  1- 3 |  4- 6 || total
-------------------------+-------+-------++-------
Melee: Short sword       |   131 |    86 ||   217
Invok: Bend Space        |       |     1 ||     1
  Use: Potion            |       |     4 ||     4
 Stab: Sleeping          |     4 |     1 ||     5
Armor: Robe              |    12 |     4 ||    16
Dodge: Dodged            |   100 |    36 ||   136
Block: Buckler           |    80 |    32 ||   112
       Reflection        |       |     1 ||     1

Table legend: (Time is in decaauts)
 A = Elapsed time spent in this place.
 B = Non-inter-level travel time spent in this place.
 C = Inter-level travel time spent in this place.
 D = Time resting spent in this place.
 E = Time spent auto-exploring this place.
 F = Levels seen in this place.
 G = Mean time per level.
                   A        B        C        D        E       F      G
               +--------+--------+--------+--------+--------+-----+--------+
         Total |   3085 |   3069 |     16 |   1246 |   1387 |   5 |  617.0 |
       Dungeon |   3057 |   3041 |     16 |   1246 |   1387 |   4 |  764.2 |
         Abyss |     27 |     27 |      0 |      0 |      0 |   1 |   27.0 |
               +--------+--------+--------+--------+--------+-----+--------+

Top non-repeatable levels by time:
     D:3: 1488 daAuts
     D:2: 1000 daAuts
     D:1: 566 daAuts
 Abyss:1: 27 daAuts
     D:4: 1 daAuts
